 Dungeon Crawl Stone Soup version 0.18.1-1-g2f07953 (webtiles) character file.

650667 Helmschank the Hoplite (level 27, -1/230 HPs)
             Began as a Minotaur Fighter on May 6, 2016.
             Was the Champion of the Shining One.
             Splashed by an acid blob's acid (4 damage)
             ... created by the Royal Jelly
             ... on level 5 of the Pits of Slime on May 7, 2016.
             The game lasted 09:29:58 (81067 turns).

Helmschank the Hoplite (Minotaur Fighter)          Turns: 81067, Time: 09:29:59

Health: -1/230     AC: 32    Str: 31    XL:     27
Magic:  26/31      EV: 18    Int: 13    God:    the Shining One [******]
Gold:   6706       SH: 40    Dex: 19    Spells: 8 memorised, 16 levels left

rFire  + + .     SeeInvis +     a - +9 sacred scourge (holy)
rCold  + + .     Gourm    .     z - +4 gold dragon armour
rNeg   + + +     Faith    .     C - +2 large shield
rPois  +         Spirit   .     H - +0 mask of the Dragon {MR+ Slay+3 SInv}
rElec  +         Dismiss  .     u - +2 cloak of Starlight {rElec rC+ EV+4 Stlth--}
rCorr  +         Reflect  .     J - +2 pair of fencer's gloves {LBl+4 SBl+4 EV+3 Dex+6}
SustAt .         Harm     .     h - +2 pair of boots {Fly}
MR     +++++     Clarity  +     F - amulet of the Four Winds {rN+ MR+++ Clar}
Stlth  .......... Rnd*Tele +    D - ring of resist corrosion
                                s - ring "Cuufios" {rElec rF+ Int+3}

@: mighty, divine shield, corroded, flying, hasted, glowing, studying
Evocations, very quick, almost entirely resistant to hostile enchantments,
extremely unstealthy
A: retaliatory headbutt, horns 2, blurry vision 1, frail 1, magic resistance 1,
teleportitis 1, wild magic 1
a: Divine Shield, Cleansing Flame, Summon Divine Warrior, Renounce Religion,
Stop Flying
}: 4/15 runes: decaying, silver, abyssal, gossamer


You were on level 5 of the Pits of Slime.
You worshipped the Shining One.
The Shining One was exalted by your worship.
You were not hungry.

You visited 11 branches of the dungeon, and saw 56 of its levels.
You visited the Abyss 1 time.
You also visited: Sewer.

You collected 9597 gold pieces.
You spent 2891 gold pieces at shops.

Inventory:

Hand Weapons
 a - a +9 sacred scourge of holy wrath (weapon)
 b - the +1 morningstar of the Asp {holy, +Blink MR+ Str+3}
   (You found it on level 2 of the Abyss)

   It has been blessed by the Shining One to cause great damage to the undead
   and demons.
   It affects your strength (+3).
   It affects your resistance to hostile enchantments.
   It lets you blink.
Missiles
 M - 19 tomahawks (quivered)
 Z - 7 silver tomahawks
Armour
 h - a +2 pair of boots of flying (worn)
 t - the +2 pair of gloves of Kikubaaqudgha {rF+++ rC- MP+9}
   (You bought it in a shop on level 2 of the Elven Halls)

   It renders you almost immune to fire.
   It makes you vulnerable to cold.
   It affects your magic capacity (+9).
 u - the +2 cloak of Starlight (worn) {rElec rC+ EV+4 Stlth--}
   (You found it on level 3 of the Elven Halls)

   It affects your evasion (+4).
   It protects you from cold.
   It insulates you from electricity.
   It makes you much less stealthy.
 z - a +4 gold dragon armour (worn)
 C - a +2 large shield (worn)
 H - the +0 mask of the Dragon (worn) {MR+ Slay+3 SInv}
   (You found it on level 5 of the Vaults)

   It affects your accuracy and damage with ranged weapons and melee attacks
   (+3).
   It affects your resistance to hostile enchantments.
   It lets you see invisible.
 J - the +2 pair of fencer's gloves (worn) {LBl+4 SBl+4 EV+3 Dex+6}
   (You found it on level 3 of the Elven Halls)

   It affects your evasion (+3).
   It affects your dexterity (+6).
Rods
 r - a +1 rod of inaccuracy (12/12)
   (You found it on level 3 of the Crypt)
Jewellery
 k - the amulet of Vawiffobb {Reflect Dex+4 SH+4}
   (You took it off a salamander stormcaller on level 5 of the Vaults)

   [amulet of reflection]

   It shields you and reflects attacks.
   It affects your dexterity (+4).
   It affects your SH (+4).
 s - the ring "Cuufios" (left hand) {rElec rF+ Int+3}
   (You acquired it on level 1 of the Elven Halls)

   [ring of intelligence]

   It affects your intelligence (+3).
   It protects you from fire.
   It insulates you from electricity.
 D - a ring of resist corrosion (right hand)
 F - the amulet of the Four Winds (around neck) {rN+ MR+++ Clar}
   (You found it on level 2 of the Depths)

   [amulet of nothing]

   It protects you from negative energy.
   It affects your resistance to hostile enchantments.
   It protects you against confusion.
 I - an uncursed ring of protection from fire
 N - an uncursed ring of sustain attributes
 P - an uncursed amulet of regeneration
 R - the ring of Trog's Generosity {rC+ Int+5}
   (You took it off a vault warden on level 5 of the Vaults)

   [ring of intelligence]

   It affects your intelligence (+5).
   It protects you from cold.
Wands
 i - a wand of acid (8/15)
 n - a wand of iceblast (7/15)
 A - a wand of disintegration (9/24)
 E - a wand of flame (8/48)
 K - a wand of digging (17/24)
 V - a wand of acid (13/15)
 X - a wand of flame (22/48)
Scrolls
 c - 6 scrolls of fear
 g - 8 scrolls of identify
 l - 33 scrolls of remove curse
 v - 12 scrolls of recharging
 w - 8 scrolls of fog
 y - 4 scrolls of blinking
 Q - 3 scrolls of magic mapping
 S - 8 scrolls of teleportation
 T - a scroll of enchant weapon
Potions
 d - 7 potions of might
 e - 10 potions of cancellation
 j - 18 potions of curing
 m - 7 potions of agility
 o - 4 potions of resistance
 q - 6 potions of berserk rage
 G - 5 potions of haste
 L - 6 potions of magic
Books
 B - a manual of Evocations
 O - Mucihech's Guide on the Entourage
   (You found it on level 2 of the Abyss)

   Spells                             Type                      Level
   a - Summon Small Mammal            Summoning                    1
   b - Summon Guardian Golem          Hexes/Summoning              3
   c - Summon Ice Beast               Ice/Summoning                4
   d - Summon Forest                  Summoning/Translocation      5
   e - Summon Hydra                   Summoning                    7
 U - a book of Party Tricks

   Spells                             Type                      Level
   a - Summon Butterflies             Summoning                    1
   b - Apportation                    Translocation                1
   c - Tukima's Dance                 Hexes                        3
   d - Alistair's Intoxication        Transmutation/Poison         5
   e - Invisibility                   Hexes                        6
Comestibles
 f - 31 bread rations
 p - 13 meat rations


   Skills:
 - Level 22.4 Fighting
 - Level 14.0 Maces & Flails
 - Level 12.6 Throwing
 - Level 22.4 Armour
 - Level 5.2 Dodging
 - Level 25.6 Shields
 - Level 6.0 Spellcasting
 * Level 19.0 Charms
 - Level 5.2 Translocations
 - Level 10.0 Invocations


You had 16 spell levels left.
You knew the following spells:

 Your Spells              Type           Power        Failure   Level  Hunger
a - Infusion              Chrm           ####         1%          1    None
b - Blink                 Tloc           N/A          32%         2    ##.....
c - Deflect Missiles      Chrm/Air       #####.....   100%        6    #######
h - Apportation           Tloc           ###.......   24%         1    None
r - Repel Missiles        Chrm/Air       #####.       8%          2    ##.....
v - Haste                 Chrm           ######..     14%         6    #######
x - Shroud of Golubria    Chrm/Tloc      #####.....   2%          2    ##.....
z - Song of Slaying       Chrm           ######..     1%          2    ##.....


Dungeon Overview and Level Annotations

Branches:
Dungeon (15/15)            Temple (1/1) D:4            Lair (8/8) D:8
  Swamp (4/4) Lair:5       Spider (4/4) Lair:6        Slime (6/6) Lair:8
    Orc (2/2) D:11            Elf (3/3) Orc:2        Vaults (5/5) D:13
  Crypt (3/3) Vaults:2       Tomb (0/3) Crypt:3      Depths (5/5) D:15
    Zot (0/5) Depths:5

Altars:
Ashenzari
Cheibriados
Dithmenos
Elyvilon
Fedhas
Gozag
Kikubaaqudgha
Makhleb
Nemelex Xobeh
Okawaru
Pakellas
Qazlal
Ru
Sif Muna
Trog
Vehumet
Xom
Yredelemnul
Zin
The Shining One
Beogh
Jiyva
Lugonu

Shops:
Orc:2 (%*[   Elf:2 [   Vaults:2 ?   Depths:4 !

Portals:
Hell: Depths:1 Depths:2 Depths:3 Depths:4 Depths:5
Abyss: Depths:3 Depths:4
Pandemonium: Depths:1 Depths:3
Ziggurat: Depths:5
Trove: Vaults:3 (lose all piety)

Annotations:
Lair:2 exclusion: oklob plant


Innate Abilities, Weirdness & Mutations

You reflexively headbutt those who attack you in melee.
You have a pair of horns on your head.
Scrolls take you a little longer to read.
You are frail (-10% HP).
You are resistant to hostile enchantments.
You are occasionally teleported next to monsters.
Your spells are a little harder to cast, but a little more powerful.


Message History

You block the azure jelly's attack.
The azure jelly hits you but does no damage.
The death ooze hits you but does no damage.
The death ooze completely misses you. The azure jelly misses you.
The azure jelly barely misses you. x2; You block the azure jelly's attack.
The death ooze completely misses you.
The death ooze hits you but does no damage.
The azure jelly closely misses you. The azure jelly hits you.
* * * LOW HITPOINT WARNING * * *
The azure jelly freezes you! You resist.
* * * LOW HITPOINT WARNING * * *
The azure jelly hits you but does no damage.
The azure jelly misses you. The acid blob spits acid at you.
The splash of acid hits you!
The acid burns!
You resist.
* * * LOW HITPOINT WARNING * * *
The acid blob hits you!!
* * * LOW HITPOINT WARNING * * *
You are splashed with acid!
The acid burns!
You resist.
You die...

#......###...........#...
#...# #.............#.#
##...# ##............##.#
#....###....##.......#...
##.....#....#.#.....#...#
#..............#...#...##
#...........#.#.........#
##.....JJJ.............#
#...#.J@J............##
#....##JJJ.............#
##..####..###.^...##..##
#### #### ####### ###


You could see 2 acid blobs, 4 azure jellies and 2 death oozes.

Vanquished Creatures
  the Royal Jelly (Slime:6)
  Mara (Swamp:4)
  A juggernaut (Depths:2)
  3 ancient liches
  A greater mummy (Depths:1)
  A shard shrike (shapeshifter) (Vaults:5)
  Norris (Vaults:2)
  3 profane servitors
  the Enchantress (Depths:3)
  Xtahua (Crypt:1)
  6 golden dragons
  Arachne (Spider:2)
  2 bone dragons
  5 liches
  An iron giant (Depths:1)
  Jorgrun (Swamp:1)
  3 tentacled monstrosities
  The ghost of apoch the Tortoise, an adept MiBe of Trog (Spider:3)
  A deep elf blademaster (Elf:2)
  5 titans
  A quicksilver dragon (Vaults:4)
  Asterion (Spider:2)
  A deep elf master archer (Elf:3)
  17 acid blobs
  10 tentacled starspawn
  3 sphinxes
  2 ancient champions
  Roxanne (Elf:1)
  6 shadow dragons
  A storm dragon (Vaults:4)
  A revenant (Crypt:3)
  A draconian monk (Abyss:2)
  7 tengu reavers
  Wiglaf (Elf:3)
  8 fire giants
  A draconian knight (Depths:5)
  6 azure jellies
  An orc warlord (D:11)
  9 frost giants
  Maud (Orc:1)
  Aizul (Swamp:1)
  18 vault wardens
  5 ghost moths
  A curse skull (Crypt:3)
  Louise (D:14)
  A balrug (Depths:5)
  6 deep elf sorcerers
  5 deep elf elementalists
  A draconian shifter (Abyss:5)
  2 draconian scorchers (Depths:5)
  8 ironheart preservers
  A cacodemon (Depths:1)
  5 spriggan defenders
  4 war gargoyles
  11 ghouls
  3 emperor scorpions
  A reaper (Crypt:2)
  23 stone giants
  24 very ugly things
  12 deep elf demonologists
  4 salamander stormcallers
  2 lorocyprocas
  6 vampire knights
  10 deep elf annihilators
  3 black draconians
  3 mottled draconians (Depths:5)
  Nessos (Lair:5)
  2 yellow draconians (Depths:5)
  4 green draconians
  A purple draconian (Abyss:4)
  5 red draconians (Depths:5)
  A white draconian (Depths:5)
  11 deep elf death magi
  46 vault guards
  18 spark wasps
  5 eidola
  8 ettins
  Snorg (D:10)
  2 crystal guardians
  2 green deaths (Swamp:4)
  5 jiangshi (Crypt:3)
  An ettin (shapeshifter) (Depths:2)
  4 death oozes
  16 yaktaur captains
  Josephine (Lair:6)
  18 fire dragons
  Harold (Lair:1)
  16 great orbs of eyes
  4 deep elf high priests
  7 ice dragons
  5 spriggan air magi
  Fannar (Orc:1)
  6 rakshasas
  A hell beast (Swamp:4)
  14 hydras
  3 entropy weavers
  A quicksilver dragon skeleton (Crypt:3)
  A catoblepas (Lair:7)
  A monstrous demonspawn (Depths:1)
  The ghost of Dillybarz the Protected, a novice MiBe of Trog (D:11)
  Erica (D:10)
  A ghost crab (Swamp:1)
  8 centaur warriors
  5 death knights
  11 alligators
  9 ogre magi
  3 tengu warriors
  A satyr (shapeshifter) (Depths:5)
  12 death yaks
  4 deep troll earth magi
  7 vampire magi
  3 satyrs (Depths:3)
  3 orc high priests
  A queen ant (shapeshifter) (Vaults:5)
  5 thrashing horrors
  36 dancing weapons
  7 deep troll shamans
  12 spriggan berserkers
  Urug (Orc:1)
  A shock serpent (shapeshifter) (Depths:2)
  2 titan zombies
  The ghost of Shock the Grappler, a novice TrMo of Trog (D:7)
  A hellephant skeleton (Crypt:1)
  Sonja (D:10)
  12 hell knights
  4 sun demons
  22 deep elf knights
  29 small abominations
  7 wretched stars
  2 storm dragon zombies
  3 spatial maelstroms
  3 fire crabs
  35 skeletal warriors
  2 shadow wraiths
  A spriggan druid (Swamp:4)
  2 unseen horrors
  A salamander mystic (Vaults:4)
  2 death drakes
  5 swamp dragons
  6 flayed ghosts
  23 deep trolls
  10 giant orange brains
  13 deep elf archers
  17 ironbrand convokers
  35 starcursed masses
  A shadow dragon zombie (Abyss:4)
  A lindwurm (Lair:7)
  6 necromancers
  An orange crystal statue (D:13)
  7 hill giants
  9 phantasmal warriors
  50 wolf spiders
  17 orb spiders
  6 fauns (Depths:3)
  44 ugly things
  27 large abominations
  12 orc knights
  An orb spider (shapeshifter) (Depths:3)
  2 stone giant zombies
  6 orc sorcerers
  4 harpies (Vaults:1)
  70 deep elf magi
  5 wizards
  A moth of wrath (shapeshifter) (Vaults:2)
  10 hornets
  6 shining eyes
  6 griffons
  2 frost giant zombies
  5 salamanders
  3 fire giant zombies (Depths:1)
  7 cyclopes
  2 manticores (D:15)
  8 worldbinders
  2 fire giant skeletons (Crypt:3)
  17 vault sentinels
  A water nymph (shapeshifter) (Vaults:5)
  4 sixfirhies
  A stone giant skeleton (Abyss:2)
  A black mamba (shapeshifter) (Elf:3)
  40 elephants
  2 water nymphs (Depths:3)
  4 torpor snails
  2 elf zombies (Depths:1)
  6 black mambas
  17 smoke demons
  A molten gargoyle (Lair:7)
  An apocalypse crab (Abyss:2)
  5 moths of wrath
  27 spiny frogs
  5 spectral swamp worms (Depths:2)
  A frost giant skeleton (Depths:1)
  A torpor snail (shapeshifter) (Depths:4)
  A shock serpent skeleton (Crypt:3)
  21 eyes of devastation
  4 gargoyles (Crypt:3)
  A hellion (Abyss:2)
  A dire elephant skeleton (Crypt:3)
  6 komodo dragons
  6 orange demons
  43 yaktaurs
  2 kobold demonologists (D:10)
  2 yaktaur zombies (Depths:1)
  A black draconian skeleton (Crypt:2)
  2 rime drakes
  8 ancient zymes
  A mottled draconian skeleton (Crypt:2)
  A komodo dragon (shapeshifter) (Vaults:3)
  3 efreet
  8 freezing wraiths
  A queen bee (shapeshifter) (Vaults:2)
  9 demonic crawlers
  A catoblepas skeleton (Crypt:1)
  3 hydra zombies
  47 jumping spiders
  2 ice devils
  3 guardian mummies (Depths:1)
  A queen ant zombie (Crypt:2)
  4 red devils
  3 hellwings
  12 trolls
  Grinder (D:6)
  6 giant leeches
  A hydra skeleton (Crypt:1)
  2 wind drakes (shapeshifter)
  4 polar bears
  14 two-headed ogres
  128 slime creatures
  19 raiju
  7 boulder beetles
  10 bog bodies
  A blink frog (shapeshifter) (Vaults:4)
  38 blink frogs
  A stone giant simulacrum (Depths:1)
  An ettin zombie (Crypt:3)
  A deep troll zombie (Depths:1)
  An ice dragon zombie (Depths:1)
  A snapping turtle (shapeshifter) (Vaults:5)
  4 spriggan zombies (Depths:1)
  5 flying skulls
  14 wraiths
  A centaur simulacrum (D:15)
  9 vampires
  4 water elementals
  Eustachio (D:6)
  10 spriggans
  3 ynoxinuls
  2 ettin skeletons
  7 shadows
  12 air elementals
  99 redbacks
  40 tarantellas
  A basilisk (D:8)
  2 wyverns
  54 yaks
  The ghost of ProzacElf the Poker, an amateur CeGl of Makhleb (D:3)
  A hippogriff (shapeshifter) (Depths:2)
  4 hungry ghosts
  A hog (shapeshifter) (Vaults:3)
  2 fire elementals
  9 golden eyes
  40 vampire mosquitoes
  13 hippogriffs
  4 neqoxecs (Abyss:2)
  A steam dragon (shapeshifter) (Vaults:5)
  5 chaos spawn
  A steam dragon (Lair:5)
  5 spatial vortices
  A human simulacrum (Vaults:2)
  Edmund (D:6)
  4 mottled dragons
  17 swamp worms
  A tengu zombie (Depths:1)
  3 hell hounds (Abyss:5)
  6 insubstantial wisps (Swamp:3)
  4 wargs (Orc:1)
  3 soldier ants
  16 water moccasins
  10 porcupines
  A merfolk skeleton (Crypt:1)
  A hell hound (shapeshifter) (Vaults:5)
  A giant eyeball (Slime:6)
  A porcupine (shapeshifter) (Depths:4)
  4 sky beasts
  A giant eyeball (shapeshifter) (Depths:3)
  14 wasps
  A black bear (shapeshifter) (Vaults:4)
  9 swamp drakes
  4 ice beasts
  2 swamp dragon zombies (Swamp:3)
  A black bear (Lair:4)
  A lindwurm zombie (Crypt:2)
  33 orc warriors
  4 necrophages
  6 eyes of draining
  39 ogres
  8 boggarts
  A snapping turtle zombie (Crypt:3)
  9 wolves
  9 centaurs
  A crocodile (shapeshifter) (Vaults:1)
  15 crocodiles
  A big kobold (shapeshifter) (Vaults:4)
  4 big kobolds
  42 giant frogs
  2 earth elementals (Elf:3)
  A salamander skeleton (Crypt:2)
  A gnoll sergeant (D:9)
  2 wyvern zombies
  A water moccasin zombie (D:9)
  3 scorpions
  A wyvern skeleton (D:14)
  An elf simulacrum (Vaults:2)
  12 killer bees
  9 wights
  3 electric eels
  10 crimson imps
  2 giant frog zombies
  A lava snake (Lair:7)
  6 hounds
  2 quasits
  4 centaur zombies
  7 centaur skeletons
  33 jellies
  4 giant frog skeletons
  20 orc priests
  A wasp zombie (D:9)
  Crazy Yiuf (D:6)
  8 iron imps
  12 iguanas
  An iguana (shapeshifter) (Vaults:5)
  18 orc wizards
  A two-headed ogre skeleton (Crypt:1)
  10 worker ants
  2 polar bear simulacra (Lair:6)
  2 yak simulacra (Lair:6)
  3 sheep (D:15)
  3 wolf simulacra (Lair:6)
  A felid zombie (Crypt:1)
  6 mummies
  A hell rat zombie (Crypt:2)
  A worker ant zombie (D:8)
  13 adders
  13 gnolls
  A howler monkey skeleton (D:11)
  65 river rats
  6 shadow imps
  5 white imps
  5 ufetubi
  An adder zombie (D:9)
  An iguana skeleton (Crypt:2)
  8 worms
  2 dart slugs
  5 giant geckos
  85 orcs
  12 bats
  6 giant cockroaches
  6 goblins
  6 hobgoblins
  12 jackals
  5 quokkas
  3 giant newts
  A giant newt zombie (Crypt:1)
  2 hobgoblin skeletons
  25 kobolds
  A quokka zombie (D:7)
  5 rats
  A rat skeleton (Crypt:1)
  4 river rat simulacra (Lair:6)
  A crawling corpse (Elf:3)
  2 fungi
  4 lost souls
  10 plants
  A starspawn tentacle (Abyss:2)
2901 creatures vanquished.

Vanquished Creatures (collateral kills)
  An ironbrand convoker (Vaults:5)
1 creature vanquished.

Vanquished Creatures (others)
  A fire giant (Vaults:4)
  A deep elf elementalist (Elf:3)
  A draconian caller (Abyss:5)
  An ironbrand convoker (Vaults:2)
  A wolf spider (Spider:2)
  An ugly thing (Depths:5)
  A flying skull (Vaults:2)
  A red draconian simulacrum (Abyss:2)
  An ogre (Vaults:5)
  A river rat (Lair:1)
  A white imp (Abyss:2)
  38 fungi
  3 lost souls (Crypt:3)
  3 lurking horrors
  64 plants
  24 starspawn tentacles
  70 starspawn tentacle segments
  A withered plant (Crypt:3)
214 creatures vanquished.

Grand Total: 3116 creatures vanquished

Notes
Turn   | Place    | Note
--------------------------------------------------------------
     0 | D:1      | Helmschank the Minotaur Fighter began the quest for the Orb.
     0 | D:1      | Reached XP level 1. HP: 19/19 MP: 0/0
   130 | D:1      | Reached XP level 2. HP: 26/26 MP: 1/1
   960 | D:2      | Found an oddly glowing altar of Pakellas.
  1109 | D:2      | Reached XP level 3. HP: 26/31 MP: 2/2
  1251 | D:2      | Found a shadowy altar of Dithmenos.
  1274 | D:2      | Found a burning altar of Makhleb.
  1519 | D:2      | Reached skill level 4 in Shields
  1646 | D:2      | Reached XP level 4. HP: 39/39 MP: 3/3
  1902 | D:2      | Reached skill level 5 in Maces & Flails
  2227 | D:3      | Reached XP level 5. HP: 45/45 MP: 4/4
  2692 | D:3      | Noticed ProzacElf's ghost (amateur CeGl)
  2721 | D:3      | Killed ProzacElf's ghost
  2721 | D:3      | Reached skill level 5 in Shields
  2721 | D:3      | Reached XP level 6. HP: 9/51 MP: 5/5
  3162 | D:3      | Reached skill level 5 in Armour
  4519 | D:4      | Reached XP level 7. HP: 59/59 MP: 6/6
  4574 | D:4      | Found a deep blue altar of Sif Muna.
  4595 | D:4      | Found a staircase to the Ecumenical Temple.
  4601 | Temple   | Entered the Ecumenical Temple
  4765 | D:5      | Entered Level 5 of the Dungeon
  4937 | D:5      | Found a glowing drain.
  4941 | Sewer    | Entered a sewer
  5786 | D:6      | Noticed Edmund
  5806 | D:6      | Killed Edmund
  5874 | D:6      | Reached skill level 5 in Fighting
  6073 | D:6      | Reached XP level 8. HP: 68/68 MP: 7/7
  6099 | D:6      | Found a white marble altar of Elyvilon.
  6253 | D:6      | Reached skill level 1 in Throwing
  6261 | D:6      | Noticed Eustachio
  6282 | D:6      | Killed Eustachio
  6397 | D:6      | Noticed Grinder
  6542 | D:6      | Paralysed by Grinder for 2 turns
  6547 | D:6      | Paralysed by Grinder for 7 turns
  6554 | D:6      | Killed Grinder
  6554 | D:6      | Reached skill level 10 in Maces & Flails
  6693 | D:6      | Found a shattered altar of Ashenzari.
  6856 | D:6      | Noticed Crazy Yiuf
  6864 | D:6      | Killed Crazy Yiuf
  7153 | D:7      | Reached XP level 9. HP: 74/74 MP: 8/8
  7267 | D:7      | Noticed Shock's ghost (novice TrMo)
  7330 | D:7      | Killed Shock's ghost
  7509 | D:7      | Reached skill level 6 in Shields
  7903 | D:7      | Found a sacrificial altar of Ru.
  8027 | D:7      | Reached skill level 7 in Shields
  8112 | D:8      | Found a staircase to the Lair.
  8127 | D:8      | Reached XP level 10. HP: 81/81 MP: 9/9
  8185 | D:8      | Reached skill level 8 in Shields
  8657 | D:8      | Found an opulent altar of Gozag.
  8827 | D:8      | Reached skill level 9 in Shields
  9170 | D:9      | Reached skill level 10 in Shields
  9470 | D:9      | Found a basalt altar of Yredelemnul.
  9470 | D:9      | Found a glowing golden altar of the Shining One.
  9473 | D:9      | Noticed an angel
  9480 | D:9      | Became a worshipper of the Shining One
  9490 | D:9      | Noticed a profane servitor
  9881 | D:9      | Reached XP level 11. HP: 86/88 MP: 10/10
  9904 | Lair:1   | Entered Level 1 of the Lair of Beasts
 10421 | Lair:1   | Noticed Harold
 10715 | Lair:1   | Killed Harold
 11839 | Lair:1   | Reached skill level 10 in Armour
 11851 | Lair:1   | Reached skill level 5 in Throwing
 12588 | Lair:2   | Reached * piety under the Shining One
 12664 | Lair:2   | Got a sheer robe
 12775 | Lair:2   | Reached skill level 11 in Shields
 13053 | Lair:2   | Noticed an oklob plant
 13240 | Lair:1   | Identified the +0 robe "Lanny" {Str+3 Dex+2 Stlth+} (You found it on level 2 of the Lair of Beasts)
 13906 | Lair:3   | Reached skill level 10 in Fighting
 13906 | Lair:3   | Reached skill level 12 in Shields
 13906 | Lair:3   | Reached XP level 12. HP: 103/106 MP: 11/11
 14022 | Lair:3   | Found an opulent altar of Gozag.
 14184 | Lair:3   | Reached skill level 13 in Shields
 14527 | Lair:4   | Noticed a death yak
 14528 | Lair:4   | Noticed a death yak
 14528 | Lair:4   | Noticed a death yak
 14529 | Lair:4   | Noticed a death yak
 14546 | Lair:3   | Killed a death yak
 14672 | Lair:4   | Killed a death yak
 14688 | Lair:4   | Killed a death yak
 14699 | Lair:4   | Killed a death yak
 15279 | Lair:4   | Reached ** piety under the Shining One
 15300 | Lair:4   | Reached skill level 14 in Shields
 15405 | Lair:4   | Noticed a seven-headed hydra
 15421 | Lair:4   | Killed a seven-headed hydra
 16030 | Lair:5   | Got a faintly glowing hand axe
 16031 | Lair:5   | Identified the +5 hand axe "Newtbane" {antimagic, +Rage} (You found it on level 5 of the Lair of Beasts)
 16343 | Lair:5   | Reached XP level 13. HP: 109/114 MP: 12/12
 16378 | Lair:5   | Found a staircase to the Swamp.
 16408 | Lair:5   | Noticed Nessos
 16528 | Lair:5   | Killed Nessos
 17029 | Lair:5   | Reached skill level 15 in Shields
 17365 | Lair:6   | Found a hole to the Spider Nest.
 17907 | Lair:6   | Reached skill level 16 in Shields
 17925 | Lair:6   | Reached *** piety under the Shining One
 18376 | Lair:7   | Noticed Josephine
 18590 | Lair:6   | Killed Josephine
 18590 | Lair:6   | Reached XP level 14. HP: 126/126 MP: 13/13
 19645 | Lair:8   | Entered Level 8 of the Lair of Beasts
 19717 | Lair:7   | Reached skill level 17 in Shields
 21083 | Lair:8   | Reached skill level 18 in Shields
 21140 | Lair:8   | Found a staircase to the Slime Pits.
 21141 | Lair:8   | Found a viscous altar of Jiyva.
 21284 | Lair:8   | Reached skill level 1 in Invocations
 21405 | Lair:8   | Got a bronze ring mail
 21629 | Lair:1   | Identified the +0 ring mail "Cirrunnata" {Dex+4} (You found it on level 8 of the Lair of Beasts)
 21697 | D:10     | Entered Level 10 of the Dungeon
 21737 | D:10     | Noticed Snorg
 21749 | D:10     | Killed Snorg
 22002 | D:10     | Noticed Sonja
 22002 | D:10     | Reached **** piety under the Shining One
 22008 | D:10     | Killed Sonja
 22091 | D:10     | Found a sacrificial altar of Ru.
 22135 | D:10     | Noticed Erica
 22158 | D:10     | Killed Erica
 22380 | D:11     | Found a staircase to the Orcish Mines.
 22398 | D:11     | Noticed Dillybarz's ghost (novice MiBe)
 22415 | D:11     | Reached XP level 15. HP: 114/132 MP: 17/17
 22427 | D:11     | Killed Dillybarz's ghost
 22932 | D:11     | Noticed a fire giant
 23198 | D:11     | Killed a fire giant
 23198 | D:11     | Reached skill level 5 in Invocations
 23385 | Orc:1    | Entered Level 1 of the Orcish Mines
 23411 | Orc:1    | Noticed Fannar
 23429 | Orc:1    | Killed Fannar
 23646 | Orc:1    | Noticed Maud
 23665 | Orc:1    | Killed Maud
 23676 | Orc:1    | Noticed an orc warlord
 23750 | D:11     | Killed an orc warlord
 24145 | Orc:1    | Noticed Urug
 24160 | Orc:1    | Killed Urug
 24397 | Orc:2    | Entered Level 2 of the Orcish Mines
 24797 | Orc:2    | Found a staircase to the Elven Halls.
 24871 | Orc:2    | Reached ***** piety under the Shining One
 25229 | Orc:2    | Reached skill level 10 in Throwing
 25479 | Orc:2    | Found Vaveugi's Armour Shoppe.
 25479 | Orc:2    | Found Jaggudy's Weapon Shoppe.
 25481 | Orc:2    | Found Horiamni's Assorted Antiques.
 25481 | Orc:2    | Found Murahae's Food Boutique.
 25579 | Orc:2    | Bought a golden ring for 160 gold pieces
 26031 | D:12     | Found a roughly hewn altar of Beogh.
 27227 | D:13     | Found a gate to the Vaults.
 27489 | D:13     | Got an ancient robe
 28042 | D:14     | Noticed Louise
 28063 | D:14     | Killed Louise
 28113 | D:14     | Reached ****** piety under the Shining One
 28335 | D:14     | Reached XP level 16. HP: 144/144 MP: 22/22
 28671 | Lair:1   | Identified a +2 sacred scourge of holy wrath (a +0 demon whip of venom blessed by the Shining One)
 28671 | Lair:1   | Received a gift from the Shining One
 28687 | Lair:1   | Identified the +3 robe "Miwib" {Int+8} (You found it on level 13 of the Dungeon)
 28847 | D:15     | Entered Level 15 of the Dungeon
 29029 | D:15     | Reached skill level 10 in Invocations
 29126 | D:15     | Got an opalescent robe
 29145 | D:15     | Identified the +2 robe of Tartarus {MR++ Int+8 Dex-2 SInv} (You took it off a crimson imp on level 15 of the Dungeon)
 29258 | D:15     | Found a staircase to the Depths.
 30283 | Swamp:1  | Entered Level 1 of the Swamp
 30452 | Swamp:1  | Noticed Aizul
 30585 | Swamp:1  | Reached skill level 19 in Shields
 30649 | Swamp:1  | Killed Aizul
 31669 | Swamp:2  | Noticed Jorgrun
 31676 | Swamp:2  | Reached skill level 20 in Shields
 31704 | Swamp:1  | Killed Jorgrun
 33321 | Swamp:4  | Entered Level 4 of the Swamp
 33413 | Swamp:4  | Noticed Mara
 33456 | Swamp:4  | Noticed Helmschank's illusion
 33464 | Swamp:4  | Killed Mara
 33464 | Swamp:4  | Reached XP level 17. HP: 124/154 MP: 23/23
 33533 | Swamp:4  | Reached skill level 15 in Fighting
 34228 | Swamp:4  | Reached skill level 15 in Armour
 34663 | Swamp:4  | Got a decaying rune of Zot
 35175 | Spider:1 | Entered Level 1 of the Spider Nest
 35191 | Spider:1 | Reached skill level 1 in Dodging
 35533 | Spider:1 | Reached skill level 5 in Dodging
 35920 | Spider:2 | Noticed Arachne
 36425 | Spider:2 | Killed Arachne
 36564 | Spider:2 | Reached XP level 18. HP: 167/170 MP: 24/24
 36837 | Spider:2 | Noticed Asterion
 36864 | Spider:2 | Killed Asterion
 37683 | Spider:3 | Noticed apoch's ghost (adept MiBe)
 37709 | Spider:3 | Killed apoch's ghost
 38650 | Spider:4 | Entered Level 4 of the Spider Nest
 39282 | Spider:4 | Reached skill level 21 in Shields
 40907 | Spider:4 | Got a gossamer rune of Zot
 41252 | Lair:1   | Learned a level 1 spell: Infusion
 41255 | Lair:1   | Learned a level 2 spell: Song of Slaying
 41258 | Lair:1   | Learned a level 2 spell: Shroud of Golubria
 41395 | Vaults:1 | Entered Level 1 of the Vaults
 41424 | Vaults:1 | Reached skill level 22 in Shields
 41429 | Vaults:1 | Reached XP level 19. HP: 177/179 MP: 25/25
 42123 | Vaults:1 | Reached skill level 23 in Shields
 43568 | Vaults:2 | Found a staircase to the Crypt.
 43725 | Vaults:2 | Found Cahothau's Magic Scroll Emporium.
 43768 | Vaults:2 | Bought 3 scrolls of recharging for 313 gold pieces
 43768 | Vaults:2 | Bought a scroll of identify for 22 gold pieces
 43768 | Vaults:2 | Bought a scroll of magic mapping for 38 gold pieces
 43768 | Vaults:2 | Bought a scroll of magic mapping for 38 gold pieces
 43768 | Vaults:2 | Bought a scroll of identify for 22 gold pieces
 43950 | Vaults:2 | Reached skill level 24 in Shields
 44339 | Vaults:2 | Noticed Norris
 44425 | Vaults:2 | Paralysed by Norris for 2 turns
 44430 | Vaults:2 | Killed Norris
 45386 | Vaults:3 | Found a portal to a secret trove of treasure.
 45656 | Vaults:3 | Reached XP level 20. HP: 179/188 MP: 26/26
 45918 | Vaults:3 | Reached skill level 25 in Shields
 49170 | Depths:1 | Entered Level 1 of the Depths
 49530 | Depths:1 | Paralysed by a great orb of eyes for 2 turns
 49538 | D:15     | Reached skill level 1 in Charms
 50574 | Depths:1 | Noticed a greater mummy
 50581 | Depths:1 | Killed a greater mummy
 50597 | Depths:1 | Got a pair of translucent boots
 50615 | Depths:1 | Identified the cursed +0 pair of boots of the Will of the Gods {*Confuse MR++ Str+3} (You found it on level 1 of the Depths)
 50735 | Depths:1 | Found a gateway to Hell.
 50874 | Depths:1 | Found a shattered altar of Ashenzari.
 50925 | Depths:1 | Found a one-way gate leading to the halls of Pandemonium.
 50929 | Depths:1 | Reached XP level 21. HP: 200/200 MP: 27/27
 51024 | Depths:1 | Found a blossoming altar of Fedhas.
 51432 | Depths:1 | Found a glowing golden altar of the Shining One.
 51508 | Depths:2 | Reached skill level 5 in Charms
 52339 | Depths:2 | Got a heavily runed chain mail
 52367 | Depths:2 | Identified the +2 chain mail of the Sturgeon {-Cast rElec Regen+ Str+4} (You found it on level 2 of the Depths)
 52702 | Depths:2 | Noticed a golden dragon
 52763 | Depths:2 | Killed a golden dragon
 53028 | Depths:2 | Noticed a juggernaut
 53043 | Depths:2 | Killed a juggernaut
 53072 | Depths:2 | Noticed an iron giant
 53597 | Depths:1 | Killed an iron giant
 54858 | Depths:3 | Found a one-way gate to the infinite horrors of the Abyss.
 55019 | Depths:3 | Reached XP level 22. HP: 193/208 MP: 28/28
 55380 | Depths:3 | Noticed the Enchantress
 55419 | Depths:3 | Killed the Enchantress
 55421 | Depths:3 | Paralysed by a giant eyeball for 4 turns
 55438 | Depths:3 | Got a faerie dragon armour
 55715 | Depths:3 | Identified the +3 faerie dragon armour {rC+ MR+} (You took it off the Enchantress on level 3 of the Depths)
 55740 | Depths:3 | Got a shimmering flail
 55741 | Depths:3 | Identified the +6 flail "Totum" {venom, MR++} (You found it on level 3 of the Depths)
 55935 | Depths:4 | Found Ughuhod's Distillery.
 55952 | Depths:4 | Bought a potion of might for 88 gold pieces
 55952 | Depths:4 | Bought a potion of beneficial mutation for 770 gold pieces
 55952 | Depths:4 | Bought a potion of resistance for 220 gold pieces
 55952 | Depths:4 | Gained mutation: Your spells are a little harder to cast, but a little more powerful. [potion of beneficial mutation]
 56343 | Depths:4 | Reached skill level 10 in Charms
 56751 | Depths:4 | Found a corrupted altar of Lugonu.
 57890 | Depths:5 | Entered Level 5 of the Depths
 58040 | Depths:5 | Reached skill level 1 in Spellcasting
 58098 | Depths:5 | Found a gateway to a ziggurat.
 58218 | Depths:5 | Noticed a golden dragon
 58220 | Depths:5 | Noticed a golden dragon
 58292 | Depths:5 | Killed a golden dragon
 58304 | Depths:5 | Killed a golden dragon
 58317 | Depths:5 | Reached skill level 5 in Spellcasting
 60052 | Depths:5 | Reached XP level 23. HP: 214/214 MP: 31/31
 60206 | Depths:5 | Found a runed door.
 60210 | Depths:5 | Found a runed door.
 60223 | Depths:5 | Found a runed door.
 60277 | Depths:5 | Found a runed door.
 60473 | Depths:5 | Found a runed door.
 60480 | Depths:5 | Found a runed door.
 60532 | Depths:5 | Found a gate to the Realm of Zot.
 61002 | Crypt:1  | Entered Level 1 of the Crypt
 61329 | D:4      | Identified Sif Muna's Tome of Transmutation
 61735 | Crypt:1  | Noticed Xtahua
 61762 | Crypt:1  | Killed Xtahua
 62006 | Crypt:1  | Got a steaming dire flail
 62007 | Crypt:1  | Identified the +5 dire flail "Maoki" {flame, MR+} (You found it on level 1 of the Crypt)
 62343 | Crypt:2  | Reached skill level 1 in Translocations
 63122 | Crypt:3  | Entered Level 3 of the Crypt
 64175 | Crypt:3  | Found an ancient bone altar of Kikubaaqudgha.
 64204 | Crypt:3  | Noticed an ancient lich
 64216 | Crypt:3  | Killed an ancient lich
 64254 | Crypt:3  | Learned a level 1 spell: Apportation
 64261 | Crypt:3  | Noticed an ancient lich
 64270 | Crypt:3  | Killed an ancient lich
 64270 | Crypt:3  | Reached skill level 5 in Translocations
 64298 | Crypt:3  | Learned a level 6 spell: Haste
 64312 | Crypt:3  | Learned a level 6 spell: Deflect Missiles
 64410 | Crypt:3  | Identified the Tome of Dusty Changing
 64580 | Crypt:3  | Found a staircase to the Tomb.
 64996 | Crypt:3  | Reached XP level 24. HP: 223/223 MP: 31/31
 65052 | Crypt:3  | Identified a +1 rod of inaccuracy (12/12) (You found it on level 3 of the Crypt)
 65372 | Vaults:5 | Entered Level 5 of the Vaults
 66807 | Elf:1    | Entered Level 1 of the Elven Halls
 67440 | Elf:1    | Identified a scroll of acquirement
 67441 | Elf:1    | Got a translucent turquoise ring
 67442 | Elf:1    | Identified the ring "Cuufios" {rElec rF+ Int+3} (You acquired it on level 1 of the Elven Halls)
 67566 | Elf:1    | Noticed Roxanne
 67581 | Elf:1    | Killed Roxanne
 67583 | Elf:1    | Identified Roxanne's Incunabulum of Shape Shifting (You took it off Roxanne on level 1 of the Elven Halls)
 68009 | Elf:2    | Found Geol's Armour Emporium.
 68026 | Elf:2    | Bought the +2 pair of gloves of Kikubaaqudgha {rF+++ rC- MP+9} for 990 gold pieces
 68045 | Elf:2    | Bought a +1 pair of gloves for 230 gold pieces
 68501 | Elf:2    | Found a huge runed gate.
 68501 | Elf:2    | Found a huge runed gate.
 68501 | Elf:2    | Found a huge runed gate.
 68502 | Elf:2    | Found a huge runed gate.
 68504 | Elf:2    | Found a huge runed gate.
 69488 | Elf:3    | Entered Level 3 of the Elven Halls
 69855 | Elf:3    | Noticed Wiglaf
 69874 | Elf:3    | Killed Wiglaf
 70169 | Elf:3    | Reached XP level 25. HP: 166/234 MP: 31/31
 70655 | Elf:3    | Got a wavering bronze ring
 70658 | Elf:3    | Identified the ring "Xuas" {MR+ Int+3} (You took it off a deep elf mage on level 3 of the Elven Halls)
 70916 | Elf:3    | Reached skill level 15 in Charms
 71047 | Elf:3    | Got an encrusted plate armour
 71050 | Elf:3    | Identified the cursed +1 plate armour of Free Will {Dex+3} (You found it on level 3 of the Elven Halls)
 71083 | Elf:3    | Identified Vutroihe's Guide on Boosting Flight
 71354 | Elf:3    | Got a thick robe
 71355 | Elf:3    | Identified the +2 robe "Gejor" {rPois MR+ Int+4} (You found it on level 3 of the Elven Halls)
 72851 | Vaults:5 | Noticed an ancient lich
 72881 | Vaults:5 | Killed an ancient lich
 72984 | Vaults:5 | Got a vibrating silver amulet
 73026 | Vaults:5 | Got a bloodstained whip {holy}
 73031 | Vaults:5 | Identified the amulet of Vawiffobb {Reflect Dex+4 SH+4} (You took it off a salamander stormcaller on level 5 of the Vaults)
 73032 | Vaults:5 | Identified the +5 whip "Ceidghifu" {holy, Int+2} (You took it off a deep elf death mage on level 5 of the Vaults)
 73254 | Vaults:5 | Identified the Volume of Bewitching Earth
 73279 | Vaults:5 | Learned a level 2 spell: Blink
 73282 | Vaults:5 | Learned a level 2 spell: Repel Missiles
 73288 | Vaults:5 | Identified the Papyrus of Ice and Changing
 73326 | Vaults:5 | Got a scorched trident
 73327 | Vaults:5 | Identified the +11 trident of Equivalence {flame, rF++ rN+ Dex-2} (You found it on level 5 of the Vaults)
 73741 | Vaults:5 | Noticed a shard shrike
 73746 | Vaults:5 | Killed a shard shrike
 73893 | Vaults:5 | Reached XP level 26. HP: 224/248 MP: 31/31
 74169 | Vaults:5 | Got a silver rune of Zot
 74197 | Vaults:5 | Got an ichor-stained scale mail
 74198 | Vaults:5 | Identified the +1 scale mail of the Hunter {rC+++ rN+ Regen+ MP-9} (You found it on level 5 of the Vaults)
 74283 | Vaults:5 | Got a scorched platinum ring
 74284 | Vaults:5 | Identified the ring of Trog's Generosity {rC+ Int+5} (You took it off a vault warden on level 5 of the Vaults)
 74884 | Depths:3 | Voluntarily entered the Abyss.
 75072 | Abyss:2  | Got a crystal morningstar
 75073 | Abyss:2  | Identified the +1 morningstar of the Asp {holy, +Blink MR+ Str+3} (You found it on level 2 of the Abyss)
 75105 | Abyss:2  | Found a corrupted altar of Lugonu.
 75480 | Abyss:2  | Gained mutation: You are resistant to hostile enchantments. [a neqoxec]
 75632 | Abyss:2  | Identified Mucihech's Guide on the Entourage
 75663 | Abyss:2  | Paralysed by accursed screaming for 1 turns
 75739 | Abyss:2  | Gained mutation: You are frail (-10% HP). [a neqoxec]
 76489 | Abyss:4  | Paralysed by accursed screaming for 1 turns
 76511 | Abyss:4  | Paralysed by accursed screaming for 1 turns
 76554 | Abyss:4  | Found a blossoming altar of Fedhas.
 77122 | Abyss:5  | Entered Level 5 of the Abyss
 77153 | Abyss:5  | Found a corrupted altar of Lugonu.
 77185 | Abyss:5  | Got an abyssal rune of Zot
 77400 | Abyss:5  | Paralysed by accursed screaming for 1 turns
 77403 | Depths:3 | Escaped the Abyss
 77950 | Slime:1  | Entered Level 1 of the Pits of Slime
 78025 | Slime:1  | Gained mutation: Scrolls take you a little longer to read. [a shining eye]
 79436 | Slime:6  | Entered Level 6 of the Pits of Slime
 79538 | Slime:6  | Reached XP level 27. HP: 174/230 MP: 31/31
 80399 | Slime:2  | Gained mutation: You are occasionally teleported next to monsters. [a shining eye]
 81038 | Slime:6  | Noticed the Royal Jelly
 81059 | Slime:6  | Killed the Royal Jelly
 81067 | Slime:5  | HP: 3/230 [acid blob[the Royal Jelly] (22)]
 81067 | Slime:5  | Splashed by an acid blob's acid

Skill      XL: |  1  2  3  4  5  6  7  8  9 10 11 12 13 14 15 16 17 18 19 20 21 22 23 24 25 26 27 |
---------------+----------------------------------------------------------------------------------+-----
Maces & Flails | 3 4 5 6 7 8 10 12 14 | 14.0
Shields        | 4 5 7 10 12 14 16 18 20 22 24 25 | 25.6
Armour         | 4 5 6 7 9 10 11 12 13 14 16 18 19 20 21 22 | 22.4
Fighting       | 4 5 10 12 13 14 17 18 20 22 | 22.4
Throwing       | 3 5 7 8 9 10 12 | 12.6
Invocations    | 4 9 10 | 10.0
Dodging        | 5 |  5.2
Charms         | 4 8 11 12 14 16 18 19 | 19.0
Spellcasting   | 6 |  6.0
Translocations | 5 |  5.2

Action                   |  1- 3 |  4- 6 |  7- 9 | 10-12 | 13-15 | 16-18 | 19-21 | 22-24 | 25-27 || total
-------------------------+-------+-------+-------+-------+-------+-------+-------+-------+-------++-------
Melee: Flail             |    77 |   157 |   234 |   908 |  1845 |    64 |       |       |       ||  3285
       Headbutt          |    13 |    18 |    45 |   226 |   473 |   407 |   634 |   611 |   779 ||  3206
       Sacred scourge    |       |       |       |       |       |  1765 |  2216 |  2363 |  2149 ||  8493
Throw: Stone             |    14 |    63 |    44 |   202 |   347 |       |       |       |       ||   670
       Javelin           |       |       |       |       |   109 |    97 |       |       |       ||   206
       Tomahawk          |       |       |       |       |    52 |   229 |   134 |   135 |    10 ||   560
 Cast: Song of Slaying   |       |       |       |       |       |       |     2 |    49 |     2 ||    53
       Shroud of Golubri |       |       |       |       |       |       |       |     2 |     4 ||     6
       Repel Missiles    |       |       |       |       |       |       |       |       |     1 ||     1
Invok: Divine Shield     |       |       |       |       |       |     2 |     3 |     5 |     4 ||    14
       Brand Weapon With |       |       |       |       |       |     1 |       |       |       ||     1
       Summon Divine War |       |       |       |       |       |       |     2 |     2 |       ||     4
       Cleansing Flame   |       |       |       |       |       |       |       |     4 |     5 ||     9
Evoke: Wand              |       |       |       |     3 |     8 |     2 |       |       |       ||    13
  Use: Scroll            |       |     8 |     6 |    13 |    10 |    15 |     9 |    15 |    10 ||    86
       Potion            |       |       |       |     1 |     4 |     4 |     6 |     3 |     8 ||    26
 Stab: Distracted        |       |       |       |     1 |       |       |       |       |       ||     1
  Eat: Chunk             |     2 |     9 |    23 |    22 |    37 |    32 |    33 |    30 |    17 ||   205
       Beef jerky        |       |       |       |       |     1 |     1 |       |     1 |       ||     3
       Pizza             |       |       |       |       |       |     1 |     1 |     2 |     1 ||     5
       Fruit             |       |       |       |       |       |     6 |       |     5 |       ||    11
       Meat ration       |       |       |       |       |       |     1 |     2 |     3 |     4 ||    10
Armor: Scale mail        |    32 |    54 |    14 |       |       |       |       |       |       ||   100
       Plate armour      |       |       |    12 |       |       |       |   142 |       |       ||   154
       Ring mail         |       |       |    12 |       |       |       |       |       |       ||    12
       Ice dragon armour |       |       |    40 |   208 |   332 |   427 |    55 |       |       ||  1062
       Storm dragon armo |       |       |       |       |       |       |   139 |    85 |       ||   224
       Chain mail        |       |       |       |       |       |       |     5 |       |       ||     5
       Gold dragon armou |       |       |       |       |       |       |       |   343 |   455 ||   798
Dodge: Dodged            |    24 |    32 |    58 |   188 |   230 |   259 |   214 |   190 |   391 ||  1586
       Deflected         |       |       |       |       |       |       |       |       |     1 ||     1
Block: Shield            |    27 |    50 |    87 |   182 |       |       |       |       |       ||   346
       Large shield      |       |       |       |   332 |  1431 |  1436 |  1633 |  1717 |  1803 ||  8352
